 Dungeon Crawl Stone Soup version 0.29.0-7-g18a832c13a (webtiles) character file.

Game seed: 9151998825888279883

25 Arcadio the Trooper (level 2, 27/27 HPs)
             Began as a Minotaur Berserker on Aug 31, 2022.
             Was a Believer of Ignis.
             Quit the game on level 1 of the Dungeon.
             The game lasted 00:01:24 (1095 turns).

Arcadio the Trooper (Minotaur Berserker)            Turns: 1095, Time: 00:01:25

Health: 27/27      AC:  2    Str: 21    XL:     2   Next: 86%
Magic:  1/1        EV: 12    Int:  4    God:    Ignis [**....]
Gold:   48         SH:  0    Dex:  9    Spells: 1/1 levels left

rFire   + . .      SeeInvis .   a - +0 mace
rCold   . . .      Faith    .   (no shield)
rNeg    . . .      Spirit   .   b - +0 animal skin
rPois   .          Reflect  .   (helmet restricted)
rElec   .          Harm     .   (no cloak)
rCorr   .          Rampage  .   (no gloves)
Will    .....                   (no boots)
Stlth   +.........              (no amulet)
HPRegen 0.09/turn               (no ring)
MPRegen 0.07/turn               (no ring)

@: no status effects
A: horns 2, retaliatory headbutt
a: Renounce Religion, Fiery Armour, Foxfire Swarm, Rising Flame


You were on level 1 of the Dungeon.
You worshipped Ignis.
Ignis was pleased with you.
You visited 1 branch of the dungeon, and saw 1 of its levels.

You collected 48 gold pieces.

Inventory:

Hand Weapons
 a - a +0 mace (weapon)
Armour
 b - a +0 animal skin (worn)
Jewellery
 d - an amulet of reflection
 k - a ring of protection from fire
Scrolls
 c - a scroll of amnesia {unknown}
 f - 2 scrolls of identify {unknown}
 h - a scroll of fear {unknown}
 i - a scroll of blinking {unknown}
Potions
 e - a potion of degeneration {unknown}
 g - a potion of lignification {unknown}
 j - a potion of cancellation {unknown}


   Skills:
 + Level 4.0 Fighting
 + Level 4.0 Maces & Flails
 + Level 2.9 Armour
 + Level 2.6 Dodging


You had one spell level left.
You didn't know any spells.
Your spell library contained the following spells:

 Spells                   Type           Power      Damage    Failure   Level
 Static Discharge         Conj/Air       0%         3-3/arc   65%         2
 Dispel Undead            Necr           0%         3d6       99%         4
 Sticky Flame             Conj/Fire      0%         2d3       99%         4


Dungeon Overview and Level Annotations

Branches:
Dungeon (1/15) Zot: 4895

Altars:
Ignis


Innate Abilities, Weirdness & Mutations

You have a pair of horns on your head.
You reflexively headbutt those who attack you in melee.


Message History

You sock the bat!
You kill the bat!
You hit the rat.
You kill the rat!
You sock the hobgoblin!
You kill the hobgoblin!
Found 9 gold pieces.
There is an open door here.
Things that are here:
a rat corpse; a bat corpse You now have 48 gold pieces (gained 9).
Found a scale mail.
You see here a +0 scale mail.
You see here 2 poisoned darts.
You see here 2 poisoned darts.
There is an open door here.
You see here a hobgoblin skeleton.
There is an open door here.
You pick up a book of Touch and begin reading...
You add the spells Static Discharge, Sticky Flame and Dispel Undead to your library.
There is an escape hatch in the floor here.
Found 3 stones.
You see here 3 stones.
You see here a +0 short sword.
You see here 2 stones.
You open the door.
There is an open door here.
There is an open door here.
You open the door.
There is an open door here.
You see here a frilled lizard skeleton.
There is a stone staircase leading down here.
You see here a jackal skeleton.
A frilled lizard comes into view.
The frilled lizard hisses angrily.
Are you sure you want to abandon this character and quit the game? (Confirm with "yes".)
Okay, then.
Unknown command.
Unknown command.
Are you sure you want to abandon this character and quit the game? (Confirm with "yes".)

#################
#.............@.#
#.#############.#
#.# .# #.# l# #.#
.# #.####### #.#
#.......# #.#
#######.# #.# ##
#.# #.#


You could see a frilled lizard.

Vanquished Creatures
  A dart slug (D:1)
  A ball python (D:1)
  2 endoplasms (D:1)
  4 giant cockroaches (D:1)
  2 hobgoblins (D:1)
  2 jackals (D:1)
  A quokka (D:1)
  3 bats (D:1)
  2 frilled lizards (D:1)
  A goblin (D:1)
  A kobold (D:1)
  A rat (D:1)
21 creatures vanquished.

Notes
Turn   | Place    | Note
-------+----------+-------------------------------------------
     0 | D:1      | Arcadio the Minotaur Berserker began the quest for the Orb.
     0 | D:1      | Reached XP level 1. HP: 19/19 MP: 0/0
   316 | D:1      | Reached XP level 2. HP: 27/27 MP: 1/1
   654 | D:1      | Found a faded altar of an unknown god.
   659 | D:1      | Prayed at the altar of an unknown god.
   659 | D:1      | Fell from the grace of Trog
   659 | D:1      | Became a worshipper of Ignis, the Dying Flame
   659 | D:1      | Reached ** piety under Ignis
  1095 | D:1      | Quit the game

Illustrated notes

Levels and vault maps discovered:
D:1:      lightli_arrival_flooded_house, layout_basic,
          ebering_ecumenical_altar_box

Skill      XL: |  1  2 |
---------------+-------+-----
Fighting       | 4 |  4.0
Maces & Flails | 4 |  4.0
Armour         | |  2.9
Dodging        | |  2.6

Action                   || total
-------------------------++-------
Melee: Mace              ||    48
       Headbutt          ||     4
Armor: Animal skin       ||    11
Dodge: Dodged            ||    32
